 Dungeon Crawl Stone Soup version 0.27-a0-417-g317cea8a3c (webtiles) character file.

Game seed: 1339473945030408916

26 dolemite99 the Grave Robber (level 2, 0/11 HPs)
             Began as a Felid Necromancer on Feb 26, 2021.
             Slain by a rat (2 damage)
             ... on level 1 of the Dungeon.
             The game lasted 00:01:08 (1535 turns).

dolemite99 the Grave Robber (Felid Necromancer)     Turns: 1535, Time: 00:01:09

Health: 0/11       AC:  1    Str:  4    XL:     2   Next: 89%
Magic:  2/6        EV: 18    Int: 16    God:
Gold:   18         SH:  0    Dex: 16    Spells: 4/5 levels left
                                        Lives:  0   Deaths: 0

rFire    + . .     SeeInvis +   (weapon unavailable)
rCold    . . .     Faith    .   (shield unavailable)
rNeg     . . .     Spirit   .   (armour unavailable)
rPois    .         Reflect  .   (helmet unavailable)
rElec    .         Harm     .   (cloak unavailable)
rCorr    .         Rampage  .   (gloves unavailable)
Will     .....                  (boots unavailable)
Stlth    +++.......             (no amulet)
HPRegen  0.03/turn              e - ring of protection from fire
MPRegen  0.10/turn              (no ring)

@: quick
A: very small, no armour, no weapons or thrown items, stealth, claws 1, fangs 3,
see invisible, speed 1, shaggy fur 1, sharp paws
a: no special abilities


You were on level 1 of the Dungeon.
You visited 1 branch of the dungeon, and saw 2 of its levels.

You collected 18 gold pieces.

Inventory:

Missiles
 a - 7 datura-tipped darts
 b - 21 arrows
Jewellery
 d - a ring of see invisible
 e - a ring of protection from fire (left paw)
Potions
 c - a potion of degeneration {unknown}


   Skills:
 - Level 2.7 Dodging
 - Level 2.7 Stealth
 - Level 2.0 Spellcasting
 + Level 4.9 Necromancy


You had 4 spell levels left.
You knew the following spells:

 Your Spells              Type           Power        Failure   Level
a - Pain                  Necr           68%          2%          1

Your spell library contained the following spells:

 Spells                   Type           Power        Failure   Level
 Animate Skeleton         Necr           34%          2%          1
 Vampiric Draining        Necr           8%           9%          3
 Animate Dead             Necr           8%           26%         4
 Agony                    Necr           17%          58%         5


Dungeon Overview and Level Annotations

Branches:
Dungeon (2/15)

Altars:

Annotations:
D:2 Sigmund


Innate Abilities, Weirdness & Mutations

You cannot wear armour.
You are incapable of wielding weapons or throwing items.
Your paws allow you to move quietly. (Stealth)
You have sharp claws.
You have razor-sharp teeth.
You have supernaturally acute eyesight. (SInv)
You cover ground quickly.
You are covered in fur. (AC +1)
Your sharp claws are effective at attacking unaware monsters.


Message History

The bat misses you.
There are monsters nearby!
The gnoll shouts!
You hear an angry hiss.
The bat misses you. The bat misses you.
There is a stone staircase leading up here.
The bat hits you.
You climb upwards.
A bat, a rat and a kobold come into view.
There is a stone staircase leading down here.
Casting: Pain (safe; 2% risk of failure)
Confirm with . or Enter, or press ? or * to list all spells.
Aiming: Pain (safe; 2% risk of failure)
Press: ? - help, Shift-Dir - straight line, f - bat
Aim: a bat (asleep, chance to affect: 87%)
The bat writhes in agony.
You kill the bat!
Casting: Pain (safe; 2% risk of failure)
Confirm with . or Enter, or press ? or * to list all spells.
Aiming: Pain (safe; 2% risk of failure)
Press: ? - help, Shift-Dir - straight line, f - kobold
Aim: a kobold, wielding a +0 whip (asleep, chance to affect: 87%)
The kobold shouts!
The kobold writhes in agony.
You kill the kobold!
A giant cockroach comes into view.
Casting: Pain (safe; 2% risk of failure)
Confirm with . or Enter, or press ? or * to list all spells.
You can't see any susceptible monsters within range! (Use Z to cast anyway.)
Casting: Pain (safe; 2% risk of failure)
Confirm with . or Enter, or press ? or * to list all spells.
You don't know that spell.
Casting: Pain (safe; 2% risk of failure)
Confirm with . or Enter, or press ? or * to list all spells.
Aiming: Pain (safe; 2% risk of failure)
Press: ? - help, Shift-Dir - straight line, f - rat
Aim: a rat (chance to affect: 87%)
The rat writhes in agony.
The rat bites you.
You die...

......... ..
..........
##......†.##
#..........#
.##
#.........>#
## ..
#.....)....#
#.. .
#....B.....#
#..
#....r.....#
#...
#..@.....##
##...#
##......##
#...#.
###..###
#..... ##.#
#.#... #.#
#### #.# ..
#.# ... #..
..## ##. #


You could see a giant cockroach and a rat.

Vanquished Creatures
  2 dart slugs (D:1)
  A leopard gecko (D:1)
  2 goblins (D:1)
  3 hobgoblins
  2 jackals (D:1)
  3 kobolds
  5 bats (D:1)
  A frilled lizard (D:1)
  2 rats (D:1)
21 creatures vanquished.

Notes
Turn   | Place    | Note
-------+----------+-------------------------------------------
     0 | D:1      | dolemite99 the Felid Necromancer began the quest for the
                  | Orb.
     0 | D:1      | Reached XP level 1. HP: 7/7 MP: 4/4
   549 | D:1      | Reached XP level 2. HP: 8/11 MP: 3/6
  1494 | D:1      | You fall into a shaft and drop 1 floor!
  1513 | D:2      | Noticed Sigmund
  1535 | D:1      | Slain by a rat

Illustrated notes

Levels and vault maps discovered:
D:1:      nicolae_arrival_memento_mori, layout_rooms, hangedman_decor_growths
D:2:      layout_basic, nicolae_gozag_seed_capital, uniq_sigmund

Action                   || total
-------------------------++-------
 Cast: Pain              ||    39
Armor: Skin              ||     1
Dodge: Dodged            ||     8

Table legend: (Time is in decaauts)
 A = Elapsed time spent in this place.
 B = Non-inter-level travel time spent in this place.
 C = Inter-level travel time spent in this place.
 D = Time resting spent in this place.
 E = Time spent auto-exploring this place.
 F = Levels seen in this place.
 G = Mean time per level.
                   A        B        C        D        E       F      G
               +--------+--------+--------+--------+--------+-----+--------+
         Total |   1477 |   1477 |      0 |   1090 |    243 |   2 |  738.5 |
       Dungeon |   1477 |   1477 |      0 |   1090 |    243 |   2 |  738.5 |
               +--------+--------+--------+--------+--------+-----+--------+

Top non-repeatable levels by time:
     D:1: 1451 daAuts
     D:2: 26 daAuts
